 Dungeon Crawl Stone Soup version 0.30-a0-696-g2367cd04db (webtiles) character file.

Game seed: 2611140467575950843

3444 Darius099 the Protected (level 10, -1/64 HPs)
             Began as a Gargoyle Fighter on Jan 21, 2023.
             Was a Believer of Okawaru.
             Slain by a boulder beetle (15 damage)
             ... on level 8 of the Dungeon.
             The game lasted 00:20:46 (7885 turns).

Darius099 the Protected (Gargoyle Fighter)          Turns: 7885, Time: 00:20:47

Health: -1/64      AC: 33    Str: 22    XL:     10   Next: 5%
Magic:  15/15      EV:  9    Int: 15    God:    Okawaru [**....]
Gold:   433        SH: 10    Dex: 11    Spells: 16/16 levels left

rFire   . . .      SeeInvis .    k - +1 mace (protect)
rCold   . . .      Faith    .    c - +0 buckler
rNeg    + + .      Spirit   .    l - +11 scale mail "Axuwukhlo" {Will+}
rPois   ∞          Reflect  +    (no helmet)
rElec   +          Harm     .    (no cloak)
rCorr   .          Rampage  .    (no gloves)
Will    +....                    (no boots) Stlth
                                 h - amulet of reflection
HPRegen 0.30/turn                p - ring of positive energy
MPRegen 0.14/turn                E - +6 ring of intelligence

@: under a protective aura
A: sickness immunity, AC +7, negative energy resistance 1, electricity
resistance, torment resistance 1, petrification resistance, wild magic 1, no
potion heal 1, noise suppression
a: Renounce Religion, Heroism


You were on level 8 of the Dungeon.
You worshipped Okawaru.
Okawaru was pleased with you.
You visited 2 branches of the dungeon, and saw 10 of its levels.
You also visited: Ossuary.

You collected 433 gold pieces.

Inventory:

Hand Weapons
 k - a +1 mace of protection (weapon)
Missiles
 A - 3 throwing nets (quivered)
Armour
 c - a +0 buckler (worn)
 l - the +11 scale mail "Axuwukhlo" (worn) {Will+}
   (You found it on level 2 of the Dungeon)

   Will:      It increases your willpower.
Jewellery
 h - an amulet of reflection (around neck)
 p - a ring of positive energy (left hand)
 t - a ring of ice
 E - a +6 ring of intelligence (right hand)
Wands
 s - a wand of digging (7)
 w - a wand of flame (42)
 B - a wand of quicksilver (4)
Scrolls
 f - a scroll of vulnerability {unknown}
 j - a scroll of identify
 m - 2 scrolls of teleportation {unknown}
 n - a scroll of fear {unknown}
 o - a scroll of magic mapping {unknown}
 q - a scroll of immolation
 u - 2 scrolls of brand weapon {unknown}
 v - a scroll of enchant armour {unknown}
 x - a scroll of fog {unknown}
 y - a scroll of poison
 z - 2 scrolls of blinking {unknown}
 D - 2 scrolls of amnesia {unknown}
Potions
 a - 2 potions of lignification
 b - 4 potions of curing
 d - 2 potions of might
 e - 2 potions of attraction
 g - a potion of resistance
 i - 3 potions of heal wounds
 r - a potion of magic
 C - 3 potions of flight


   Skills:
 + Level 7.9 Fighting
 + Level 6.9 Maces & Flails
 + Level 8.0 Armour
 + Level 8.0 Shields
 + Level 3.8 Spellcasting


You had 16 spell levels left.
You didn't know any spells.
Your spell library contained the following spells:

 Spells                   Type           Power      Damage    Failure   Level
 Shock                    Conj/Air       12%        1d3       56%         1
 Wereblood                Tmut           3%         N/A       71%         2
 Dazzling Flash           Conj/Hex       6%         N/A       89%         3
 Swiftness                Air            3%         N/A       89%         3
 Vhi's Electric Charge    Tloc/Air       6%         N/A       89%         3
 Airstrike                Air            1%         2d(1-17)  99%         4
 Agony                    Necr           3%         N/A       100%        5
 Silence                  Hex/Air        1%         N/A       100%        5
 Disjunction              Tloc           1%         N/A       100%        8
 Sublimation of Blood     Necr           Unusable   N/A       N/A         2
 Simulacrum               Ice/Necr       Unusable   N/A       N/A         6
 Summon Hydra             Summ           Unusable   N/A       N/A         7

Dungeon Overview and Level Annotations

Branches:
Dungeon (9/15)             Temple (1/1) D:5         Ossuary (visited)
   Lair: D:8-11         Orc: D:9-12

Altars:
Ashenzari
Dithmenos
Fedhas
Gozag
Hepliaklqana
Kikubaaqudgha
Okawaru
Qazlal
Ru
Trog
Uskayaw
Vehumet
Wu Jian
Yredelemnul
Zin
The Shining One

Shops:
D:4 =   D:5 !


Innate Abilities, Weirdness & Mutations

You are immune to sickness and miasma.
Your stone body is resilient. (AC +7)
You are immune to poison.
You resist negative energy. (rN+)
You are resistant to electric shocks. (rElec)
You are resistant to unholy torment.
You are immune to petrification.
Your spells are a little harder to cast, but a little more powerful.
Potions are less effective at restoring your health.
You passively dampen the noise of your surroundings.


Message History

The boulder beetle bites you but does no damage.
You hit the boulder beetle but do no damage.
The boulder beetle leaps!
The boulder beetle curls into a ball and begins rolling!
The boulder beetle hits you!!
The boulder beetle stops rolling and uncurls.
You hit the boulder beetle.
Your weapon exudes an aura of protection.
The boulder beetle is lightly wounded.
The boulder beetle bites you but does no damage.
You hit the boulder beetle but do no damage.
The boulder beetle barely misses you.
You hit the boulder beetle.
The boulder beetle is lightly wounded.
The boulder beetle leaps!
The boulder beetle curls into a ball and begins rolling!
You open the door. The boulder beetle hits you.
The boulder beetle stops rolling and uncurls.
Found 6 gold pieces.
Found an escape hatch in the ceiling.
There is an open door here.
You completely miss the boulder beetle. You block the boulder beetle's attack.
You hit the boulder beetle but do no damage.
Your weapon exudes an aura of protection.
The boulder beetle closely misses you.
There is an escape hatch in the ceiling here.
You can't go down here!
The boulder beetle completely misses you.
A mysterious force pulls you upwards. The hatch slams shut behind you.
You sock the boulder beetle!
Your weapon exudes an aura of protection.
The boulder beetle is lightly wounded.
You block the boulder beetle's attack.
You hit the boulder beetle but do no damage.
The boulder beetle is lightly wounded.
The boulder beetle bites you!
* * * LOW HITPOINT WARNING * * *
The air fills with toxic fumes!
As you read the scroll of poison, it crumbles to dust.
The boulder beetle bites you!
You die...

# ... ## # #§
§#
§§####§##§###
#§§§§§§B§§§§###
§§§§§§§@§§§§§§§
#########§§§§##
§§§§§ §§§# §§§
§§ §


You could see a boulder beetle.

Vanquished Creatures
  Maggie (D:7)
  2 wraiths (Ossuary)
  Eustachio (D:6)
  Menkaure (D:4)
  An orc warrior (D:8)
  2 black bears
  A centaur (D:6)
  3 phantoms
  Blork the orc (D:4)
  A bullfrog (D:7)
  A kobold brigand (D:8)
  5 necrophages
  2 scorpions
  10 wights
  A howler monkey (D:5)
  A jelly (D:4)
  A human zombie (D:5)
  A centaur zombie (D:5)
  5 hounds
  A gnoll bouda (D:7)
  4 orc priests
  An iguana (D:5)
  Ijyb (D:4)
  3 orc wizards
  A killer bee zombie (D:5)
  3 mummies (D:5)
  Robin (D:4)
  A howler monkey zombie (D:5)
  5 gnolls
  11 adders
  A white imp (D:6)
  An ufetubus (D:7)
  5 adder zombies (Ossuary)
  3 worms
  14 orcs
  6 ball pythons
  5 bats
  4 endoplasms
  4 giant cockroaches
  24 goblins
  8 hobgoblins
  18 jackals
  12 kobolds
  3 quokkas
  4 frilled lizards
  2 orc skeletons (Ossuary)
  4 rats
191 creatures vanquished.

Vanquished Creatures (others)
  A fungus (D:3)
  5 plants (D:3)
6 creatures vanquished.

Grand Total: 197 creatures vanquished

Notes
Turn   | Place    | Note
-------+----------+-------------------------------------------
     0 | D:1      | Darius099 the Gargoyle Fighter began the quest for the Orb.
     0 | D:1      | Reached XP level 1. HP: 14/14 MP: 1/1
    67 | D:1      | Reached XP level 2. HP: 15/19 MP: 2/2
   374 | D:1      | Reached XP level 3. HP: 18/23 MP: 3/3
  1020 | D:2      | Reached XP level 4. HP: 16/29 MP: 4/4
  1276 | D:2      | Found a bloodstained altar of Trog.
  1491 | D:2      | Identified the +11 scale mail "Axuwukhlo" {Will+}
  2331 | D:3      | Reached XP level 5. HP: 33/33 MP: 5/5
  2369 | D:3      | Found a faded altar of an unknown god.
  2793 | D:4      | Found Taaxo's Jewellery Shop.
  2882 | D:4      | Noticed Robin
  2895 | D:4      | Killed Robin
  2896 | D:4      | Reached XP level 6. HP: 38/39 MP: 6/6
  2989 | D:4      | Found a broken altar of Ashenzari.
  2996 | D:4      | Noticed Menkaure
  2999 | D:4      | Found a sand-covered staircase.
  3026 | D:4      | Killed Menkaure
  3122 | Ossuary  | Entered an ossuary
  3152 | Ossuary  | Reached skill level 5 in Fighting
  3152 | Ossuary  | Reached skill level 5 in Armour
  3152 | Ossuary  | Reached skill level 5 in Shields
  3152 | Ossuary  | Reached XP level 7. HP: 34/44 MP: 7/7
  3316 | Ossuary  | Noticed a flying skull
  3316 | Ossuary  | Noticed a wraith
  3340 | Ossuary  | Noticed a flying skull
  3391 | Ossuary  | Noticed a flying skull
  3397 | Ossuary  | Noticed a wraith
  3425 | Ossuary  | Killed a wraith
  3432 | Ossuary  | Noticed a flying skull
  3442 | Ossuary  | Noticed a wraith
  3459 | Ossuary  | Killed a wraith
  3460 | Ossuary  | Reached XP level 8. HP: 29/51 MP: 8/8
  3687 | D:4      | Noticed Ijyb
  3718 | D:4      | Killed Ijyb
  3841 | D:4      | Reached skill level 5 in Maces & Flails
  3992 | D:4      | Found an opulent altar of Gozag.
  4124 | D:4      | Found a glowing golden altar of the Shining One.
  4249 | D:4      | Noticed Blork the orc
  4260 | D:4      | Killed Blork the orc
  4436 | D:5      | Entered Level 5 of the Dungeon
  4454 | D:5      | Found a shadowy altar of Dithmenos.
  4935 | D:5      | Found an ornate altar of the Wu Jian Council.
  5096 | D:5      | Found Duwkah's Distillery.
  5173 | D:5      | Found a staircase to the Ecumenical Temple.
  5200 | Temple   | Entered the Ecumenical Temple
  5208 | Temple   | Became a worshipper of Warmaster Okawaru
  5373 | D:5      | Reached skill level 1 in Spellcasting
  5405 | D:5      | Found an ancient bone altar of Kikubaaqudgha.
  5483 | D:5      | Reached XP level 9. HP: 55/56 MP: 11/11
  5823 | D:6      | Reached * piety under Okawaru
  5998 | D:6      | Found a sacrificial altar of Ru.
  6026 | D:6      | Got the Tractate on the Nival Map
  6074 | D:6      | Noticed Eustachio
  6121 | D:6      | Killed Eustachio
  6247 | D:6      | Found a glowing silver altar of Zin.
  6248 | D:6      | Noticed an angel
  6426 | D:7      | Noticed Maggie
  6451 | D:7      | Killed Maggie
  6896 | D:7      | Reached ** piety under Okawaru
  7507 | D:8      | Gained mutation: You are robust. (+10% HP) [potion of
                  | mutation]
  7508 | D:8      | Lost mutation: You are robust. (+10% HP) [potion of
                  | mutation]
  7508 | D:8      | Gained mutation: You are weak. (Str -2) [potion of
                  | mutation]
  7508 | D:8      | Gained mutation: You have sharp fingernails. [potion of
                  | mutation]
  7509 | D:8      | Lost mutation: You have sharp fingernails. [potion of
                  | mutation]
  7509 | D:8      | Lost mutation: You are weak. (Str -2) [potion of mutation]
  7509 | D:8      | Gained mutation: Potions are less effective at restoring
                  | your health. [potion of mutation]
  7509 | D:8      | Gained mutation: You passively dampen the noise of your
                  | surroundings. [potion of mutation]
  7509 | D:8      | Gained mutation: Your spells are a little harder to cast,
                  | but a little more powerful. [potion of mutation]
  7541 | D:8      | Reached XP level 10. HP: 29/64 MP: 15/15
  7713 | D:8      | Found a hazy altar of Hepliaklqana.
  7755 | D:8      | You fall into a shaft and drop 1 floor!
  7816 | D:9      | Noticed a boulder beetle
  7885 | D:8      | Slain by a boulder beetle

Illustrated notes

Levels and vault maps discovered:
D:1:      spicycebolla_green_bress_n_ham, layout_loops_corners
D:2:      layout_basic, basic_altar
D:3:      layout_loops_corners, shapermc_ecumenical_altar_mp_ritualfount
D:4:      kennysheep_goblin_castle, layout_basic, nicolae_tso_carved_into_rock,
          nicolae_ashenzari_skybound, nicolae_gozag_seed_capital,
          nicolae_ossuary_entry_monument, serial_shops, shop,
          hangedman_abyss_or_decor_stagger, uniq_blork_the_orc, uniq_robin,
          uniq_menkaure
D:5:      layout_loops_corners, lemuel_mausoleum_altar_kikubaaqudgha,
          grunt_dithmenos_smoke_and_mirrors, nicolae_overflow_hidden_temple,
          minmay_temple_entry_nine_rooms, serial_shops, shop
D:6:      layout_rooms, nicolae_overflow_crystal_walls, zin_angel,
          uniq_eustachio
D:7:      layout_basic, uniq_maggie
D:8:      layout_basic, kennysheep_mini_moat, mainiacjoe_overflow_alcove_4,
          david_lair_shrubbed
D:9:      layout_roguey, mainiacjoe_overflow_catwalk, overflow_temple_1_default,
          mainiacjoe_overflow_concentric_impassable, hex_tiny, uniq_maurice
Temple:   nicolae_temple_two_arcs

Skill      XL: |  1  2  3  4  5  6  7  8  9 10 |
---------------+-------------------------------+-----
Fighting       | 4 5 6 7 |  7.9
Armour         | 4 5 6 7 8 |  8.0
Shields        | 4 5 6 7 8 |  8.0
Maces & Flails | 3 4 5 6 |  6.9
Spellcasting   | 1 3 |  3.8

Action                   |  1- 3 |  4- 6 |  7- 9 | 10-12 || total
-------------------------+-------+-------+-------+-------++-------
Melee: Flail             |   126 |    21 |       |       ||   147
       Mace              |       |   200 |   628 |    76 ||   904
  Use: Potion            |       |       |     5 |     1 ||     6
       Scroll            |       |       |     8 |     1 ||     9
Armor: Scale mail        |    81 |   308 |   518 |    63 ||   970
Dodge: Dodged            |    83 |   191 |   313 |    29 ||   616
Block: Buckler           |    26 |   101 |   344 |    57 ||   528
       Reflection        |       |       |     8 |     3 ||    11

Table legend: (Time is in decaauts)
 A = Elapsed time spent in this place.
 B = Non-inter-level travel time spent in this place.
 C = Inter-level travel time spent in this place.
 D = Time resting spent in this place.
 E = Time spent auto-exploring this place.
 F = Levels seen in this place.
 G = Mean time per level.
                   A        B        C        D        E       F      G
               +--------+--------+--------+--------+--------+-----+--------+
         Total |   8115 |   7875 |    240 |    549 |   4790 |  11 |  737.7 |
       Dungeon |   7635 |   7395 |    240 |    488 |   4790 |   9 |  848.3 |
        Temple |     17 |     17 |      0 |      0 |      0 |   1 |   17.0 |
       Ossuary |    462 |    462 |      0 |     61 |      0 |   1 |  462.0 |
               +--------+--------+--------+--------+--------+-----+--------+

Top non-repeatable levels by time:
     D:5: 1327 daAuts
     D:4: 1266 daAuts
     D:7: 1088 daAuts
     D:1: 1024 daAuts
     D:2: 1005 daAuts
     D:3: 842 daAuts
     D:6: 684 daAuts
 Ossuary: 462 daAuts
     D:8: 267 daAuts
     D:9: 129 daAuts
  Temple: 17 daAuts
